[ AOE2 MATCH · #513874406 ]
UnrankedCiv #61 vs Muisca
Player's team · LOSS
Rival team · WIN
[ REPLAY ANALYSIS · EXTRACTED FROM THE RECORDED GAME ]
Feudal
14:33
Castle
20:46
Imperial
41:27
| APM avg | 27.1 |
| APM peak | 50 |
| eAPM avg | 18.9 |
| Villagers / military | 55 / 44 |
Focus
⚔️ 35.2% · 🌾 64.8%
Fishing Ship ×36 · Longboat ×27 · Unknown (2708) ×12 · Scout Cavalry ×10 · Monk ×4 · Spearman ×2
Feudal
12:45
Castle
22:35
Imperial
33:24
| APM avg | 29.0 |
| APM peak | 62 |
| eAPM avg | 16.6 |
| Villagers / military | 100 / 79 |
Focus
⚔️ 29.9% · 🌾 70.1%
Spearman ×40 · Monk ×24 · Unknown (2550) ×7 · Fishing Ship ×6 · Hulk ×5 · Fire Galley ×5
Match map
Initial resources + every placement click. Lines = walls · curves = elevation contours. ◆ gold · ⬟ stone · ● berries · ✦ relic · ◌ wall gap
Your base· Open — unwalled flank
niksu's base· Open — 9t gap
Smoothed initial terrain · ◌ = detected wall gap · hover for details
Inputs per minute
— ChavezTRC - - niksu
Build order — ChavezTRC
First 150 of 224 actions detected
| 0:31 | Build | Town Center |
| 0:49 | Build | House |
| 2:09 | Queue | Villager (Male) |
| 2:09 | Queue | Villager (Male) |
| 2:10 | Queue | Villager (Male) |
| 2:10 | Queue | Villager (Male) |
| 2:10 | Queue | Villager (Male) |
| 3:28 | Research | Loom |
| 3:43 | Build | Dock |
| 4:01 | Queue | Villager (Male) |
| 4:01 | Queue | Villager (Male) |
| 4:21 | Queue | Fishing Ship |
| 4:21 | Queue | Fishing Ship |
| 4:28 | Build | House |
| 4:39 | Queue | Villager (Male) |
| 5:19 | Queue | Villager (Male) |
| 5:19 | Queue | Villager (Male) |
| 5:39 | Queue | Villager (Male) |
| 5:54 | Queue | Villager (Male) |
| 5:54 | Queue | Villager (Male) |
| 6:13 | Build | House |
| 6:16 | Queue | Villager (Male) |
| 6:17 | Queue | Villager (Male) |
| 6:43 | Queue | Villager (Male) |
| 6:43 | Queue | Villager (Male) |
| 7:09 | Queue | Fishing Ship |
| 7:33 | Build | House |
| 7:35 | Queue | Villager (Male) |
| 7:35 | Queue | Villager (Male) |
| 7:50 | Queue | Villager (Male) |
| 7:50 | Queue | Villager (Male) |
| 8:21 | Build | House |
| 8:25 | Build | House |
| 8:27 | Queue | Villager (Male) |
| 8:27 | Queue | Villager (Male) |
| 8:27 | Queue | Villager (Male) |
| 8:27 | Queue | Villager (Male) |
| 8:27 | Queue | Villager (Male) |
| 9:05 | Build | Mill |
| 9:08 | Queue | Villager (Male) |
| 9:09 | Queue | Villager (Male) |
| 9:36 | Queue | Fishing Ship |
| 9:57 | Queue | Fishing Ship |
| 9:58 | Queue | Villager (Male) |
| 9:59 | Queue | Villager (Male) |
| 9:59 | Queue | Villager (Male) |
| 9:59 | Queue | Villager (Male) |
| 10:31 | Build | House |
| 10:38 | Queue | Villager (Male) |
| 11:00 | Queue | Fishing Ship |
| 11:21 | Build | Dock |
| 11:44 | Queue | Fishing Ship |
| 11:44 | Queue | Fishing Ship |
| 12:14 | Queue | Fishing Ship |
| 12:21 | Research | Feudal Age |
| 12:48 | Build | Mining Camp |
| 13:28 | Queue | Fishing Ship |
| 13:50 | Build | Mining Camp |
| 13:56 | Build | Lumber Camp |
| 14:33 | Age | Feudal Age |
| 14:37 | Queue | Villager (Male) |
| 14:56 | Build | Market |
| 15:06 | Build | Palisade Wall |
| 15:08 | Build | House |
| 15:11 | Build | House |
| 15:20 | Queue | Villager (Male) |
| 15:45 | Queue | Villager (Male) |
| 16:13 | Build | Market |
| 16:19 | Queue | Villager (Male) |
| 16:43 | Queue | Villager (Male) |
| 16:50 | Build | Blacksmith |
| 17:05 | Build | Watch Tower |
| 18:06 | Research | Castle Age |
| 18:32 | Build | Mining Camp |
| 18:46 | Build | Palisade Wall |
| 18:51 | Build | Palisade Wall |
| 19:36 | Build | Dock |
| 20:10 | Research | Fletching |
| 20:10 | Research | Fletching |
| 20:28 | Build | Dock |
| 20:46 | Age | Castle Age |
| 20:52 | Build | Castle |
| 21:05 | Queue | Longboat |
| 21:05 | Queue | Longboat |
| 21:46 | Research | Double-Bit Axe |
| 21:46 | Research | Double-Bit Axe |
| 21:59 | Queue | Villager (Male) |
| 22:09 | Queue | Longboat |
| 22:19 | Queue | Longboat |
| 22:19 | Queue | Longboat |
| 22:48 | Queue | Longboat |
| 22:48 | Queue | Longboat |
| 23:00 | Queue | Hulk |
| 23:17 | Queue | Longboat |
| 23:17 | Queue | Longboat |
| 23:42 | Queue | Longboat |
| 23:43 | Queue | Longboat |
| 24:14 | Queue | Fishing Ship ×2 |
| 24:14 | Queue | Fishing Ship ×2 |
| 24:48 | Build | Town Center |
| 24:51 | Queue | Fishing Ship |
| 24:52 | Queue | Villager (Male) |
| 25:21 | Queue | Villager (Male) |
| 25:36 | Queue | Fishing Ship |
| 25:57 | Queue | Unit 2708 |
| 25:57 | Queue | Unit 2708 |
| 26:14 | Queue | Villager (Male) |
| 26:21 | Build | Dock |
| 26:24 | Queue | Fishing Ship |
| 26:41 | Queue | Fishing Ship |
| 26:52 | Queue | Villager (Male) |
| 27:08 | Research | Gold Mining |
| 27:23 | Queue | Villager (Male) |
| 27:33 | Research | Fishing Lines |
| 27:44 | Queue | Longboat |
| 27:53 | Queue | Villager (Male) |
| 28:12 | Build | Lumber Camp |
| 28:15 | Queue | Villager (Male) |
| 28:17 | Research | Town Watch |
| 28:27 | Queue | Villager (Male) |
| 28:28 | Queue | Villager (Male) |
| 28:39 | Build | Lumber Camp |
| 28:42 | Research | Bodkin Arrow |
| 28:43 | Research | Bodkin Arrow |
| 29:03 | Queue | Longboat |
| 29:05 | Queue | Villager (Male) |
| 29:06 | Queue | Unit 2708 |
| 29:25 | Build | Monastery |
| 29:36 | Queue | Longboat |
| 29:36 | Queue | Longboat |
| 29:54 | Build | Town Center |
| 29:57 | Queue | Villager (Male) |
| 30:04 | Queue | Longboat |
| 30:04 | Queue | Longboat |
| 30:08 | Queue | Villager (Male) |
| 30:09 | Queue | Villager (Male) |
| 30:10 | Queue | Monk |
| 30:11 | Queue | Monk |
| 30:11 | Queue | Monk |
| 30:11 | Queue | Monk |
| 30:51 | Queue | Fishing Ship ×5 |
| 31:02 | Build | Dock |
| 31:06 | Queue | Villager (Male) |
| 31:12 | Build | House |
| 31:13 | Build | House |
| 31:17 | Research | Wheelbarrow |
| 31:37 | Build | Siege Workshop |
| 31:40 | Build | House |
| 31:42 | Build | House |
| 31:44 | Queue | Villager (Male) |
Build order — niksu
First 150 of 321 actions detected
| 0:34 | Build | Town Center |
| 0:40 | Build | Dock |
| 0:42 | Build | House |
| 2:29 | Queue | Villager (Male) |
| 2:29 | Queue | Villager (Male) |
| 2:29 | Queue | Villager (Male) |
| 2:33 | Queue | Villager (Male) |
| 3:29 | Queue | Fishing Ship |
| 3:54 | Build | House |
| 4:00 | Queue | Villager (Male) |
| 4:36 | Research | Loom |
| 4:47 | Queue | Fishing Ship |
| 4:58 | Queue | Villager (Male) |
| 5:18 | Queue | Villager (Male) |
| 5:37 | Build | House |
| 5:45 | Queue | Villager (Male) |
| 6:07 | Queue | Villager (Male) |
| 6:37 | Queue | Villager (Male) |
| 6:47 | Queue | Villager (Male) |
| 6:50 | Queue | Fishing Ship |
| 7:08 | Queue | Villager (Male) |
| 7:31 | Queue | Villager (Male) |
| 7:49 | Build | House |
| 7:59 | Queue | Villager (Male) |
| 8:05 | Build | Barracks |
| 8:07 | Queue | Villager (Male) |
| 8:25 | Queue | Villager (Male) |
| 8:54 | Build | Settlement |
| 9:02 | Queue | Villager (Male) |
| 9:16 | Queue | Fishing Ship |
| 10:04 | Queue | Villager (Male) |
| 10:35 | Research | Feudal Age |
| 10:37 | Queue | Unit 2550 |
| 10:38 | Queue | Unit 2550 |
| 10:50 | Build | Settlement |
| 11:05 | Queue | Unit 2550 |
| 11:06 | Queue | Fishing Ship |
| 11:07 | Queue | Fishing Ship |
| 11:27 | Build | Dock |
| 11:36 | Queue | Villager (Male) |
| 11:44 | Queue | Unit 2550 |
| 12:05 | Queue | Unit 2550 |
| 12:40 | Queue | Villager (Male) |
| 12:45 | Age | Feudal Age |
| 12:49 | Queue | Hulk |
| 12:50 | Queue | Hulk |
| 12:58 | Research | Tech 1402 |
| 12:58 | Research | Tech 1402 |
| 13:20 | Queue | Unit 2550 |
| 13:21 | Queue | Villager (Male) |
| 13:36 | Queue | Hulk |
| 13:37 | Queue | Hulk |
| 13:37 | Queue | Hulk |
| 13:47 | Build | House |
| 13:56 | Build | Outpost |
| 13:58 | Queue | Unit 2550 |
| 13:59 | Queue | Villager (Male) |
| 14:03 | Queue | Villager (Male) |
| 14:14 | Queue | Villager (Male) |
| 15:02 | Queue | Fire Galley |
| 15:02 | Queue | Fire Galley |
| 15:12 | Queue | Villager (Male) |
| 15:23 | Research | Double-Bit Axe |
| 15:30 | Build | House |
| 15:53 | Queue | Villager (Male) |
| 16:02 | Build | Settlement |
| 16:15 | Build | Watch Tower |
| 16:16 | Queue | Villager (Male) |
| 16:31 | Queue | Fire Galley |
| 16:36 | Queue | Villager (Male) |
| 16:42 | Queue | Villager (Male) |
| 17:12 | Build | Settlement |
| 17:14 | Queue | Villager (Male) |
| 17:49 | Queue | Villager (Male) |
| 18:17 | Queue | Villager (Male) |
| 18:25 | Build | Market |
| 18:27 | Queue | Villager (Male) |
| 18:29 | Research | Wheelbarrow |
| 18:37 | Queue | Villager (Male) |
| 18:53 | Build | Blacksmith |
| 19:08 | Queue | Villager (Male) |
| 19:11 | Build | Farm |
| 19:11 | Queue | Villager (Male) |
| 19:16 | Build | Stone Wall |
| 19:17 | Build | Stone Wall |
| 19:17 | Build | Stone Wall |
| 19:17 | Build | Stone Wall |
| 19:17 | Build | Stone Wall |
| 19:18 | Build | Stone Wall |
| 19:46 | Research | Castle Age |
| 19:51 | Build | Stone Wall |
| 19:53 | Build | Stone Wall |
| 20:00 | Build | House |
| 20:10 | Queue | Fire Galley |
| 20:10 | Queue | Fire Galley |
| 20:17 | Research | Forging |
| 20:55 | Build | Outpost |
| 21:24 | Build | Watch Tower |
| 21:41 | Build | Stone Wall |
| 22:07 | Build | House |
| 22:23 | Build | Outpost |
| 22:35 | Age | Castle Age |
| 22:38 | Queue | Villager (Male) |
| 22:46 | Build | Monastery |
| 22:54 | Research | Bow Saw |
| 22:55 | Queue | Villager (Male) |
| 22:58 | Research | War Galley (upgrade) |
| 23:00 | Queue | Villager (Male) |
| 23:12 | Build | Town Center |
| 23:42 | Queue | Villager (Male) |
| 23:50 | Queue | Monk |
| 23:50 | Queue | Monk |
| 24:01 | Build | Monastery |
| 24:03 | Queue | Villager (Male) |
| 24:10 | Research | Horse Collar |
| 24:11 | Research | Gold Mining |
| 24:14 | Build | Farm |
| 24:15 | Build | Farm |
| 24:15 | Build | Farm |
| 24:15 | Build | Farm |
| 24:18 | Build | Farm |
| 24:19 | Queue | Villager (Male) |
| 24:34 | Queue | Villager (Male) |
| 24:44 | Research | Sanctity |
| 24:48 | Build | Farm |
| 24:48 | Build | Farm |
| 24:48 | Build | Farm |
| 24:48 | Build | Farm |
| 24:49 | Build | Farm |
| 24:50 | Queue | Villager (Male) |
| 25:00 | Build | Outpost |
| 25:06 | Build | Stone Wall |
| 25:09 | Queue | Villager (Male) |
| 25:24 | Queue | Villager (Male) |
| 25:31 | Queue | Monk |
| 25:31 | Queue | Monk |
| 25:32 | Queue | Monk |
| 25:33 | Queue | Villager (Male) |
| 25:40 | Queue | Villager (Male) |
| 25:46 | Build | Farm |
| 25:46 | Build | Farm |
| 25:46 | Build | Farm |
| 25:46 | Build | Farm |
| 25:46 | Build | Farm |
| 25:47 | Build | Farm |
| 25:47 | Build | Farm |
| 25:47 | Build | Farm |
| 25:48 | Queue | Villager (Male) |
| 26:05 | Queue | Villager (Male) |
| 26:06 | Queue | Villager (Male) |
Match timeline
| 0:40 | niksu · first_building Dock |
| 3:43 | ChavezTRC · first_building Dock |
| 8:05 | niksu · first_building Barracks |
| 12:45 | niksu · age_up feudal |
| 14:33 | ChavezTRC · age_up feudal |
| 15:06 | ChavezTRC · wall_segment Palisade Wall x1 |
| 17:32 | ChavezTRC · first_market_buy 100 food |
| 17:34 | ChavezTRC · first_market_sell 100 stone |
| 18:46 | ChavezTRC · wall_segment Palisade Wall x1 |
| 18:51 | ChavezTRC · wall_segment Palisade Wall x1 |
| 19:16 | niksu · wall_segment Stone Wall x1 |
| 19:17 | niksu · wall_segment Stone Wall x1 |
| 19:17 | niksu · wall_segment Stone Wall x2 |
| 19:17 | niksu · wall_segment Stone Wall x1 |
| 19:17 | niksu · wall_segment Stone Wall x1 |
| 19:18 | niksu · wall_segment Stone Wall x1 |
| 19:51 | niksu · wall_segment Stone Wall x1 |
| 19:53 | niksu · wall_segment Stone Wall x1 |
| 20:46 | ChavezTRC · age_up castle |
| 20:52 | ChavezTRC · first_building Castle |
| 21:41 | niksu · wall_segment Stone Wall x8 |
| 22:35 | niksu · age_up castle |
| 22:46 | niksu · first_building Monastery |
| 23:04 | niksu · first_market_buy 100 wood |
| 25:06 | niksu · wall_segment Stone Wall x7 |
| 26:49 | niksu · first_market_sell 100 wood |
| 29:25 | ChavezTRC · first_building Monastery |
| 31:37 | ChavezTRC · first_building Siege Workshop |
| 33:07 | niksu · first_building Castle |
| 33:24 | niksu · age_up imperial |
| 34:29 | ChavezTRC · first_building Barracks |
| 36:09 | ChavezTRC · first_building Stable |
| 41:27 | ChavezTRC · age_up imperial |
| 43:08 | ChavezTRC · resign |
[ AI ANALYSIS · 1 CREDIT ]
What really happened in this match?
Wolo.gg analyzes every decision: build order, eco, micro, common mistakes by bracket. Personalized analysis on WhatsApp or Discord in 30 seconds.
Civ guide
Civ #61
Perfil
Jugador #108764